 Dungeon Crawl Stone Soup version 0.7.1-24-ga64cc90 character file.

199 rossy the Charm-Maker (level 4, -5/19 HPs)
             Began as a Spriggan Enchanter on Aug 28, 2010.
             Slain by an orc priest
             ... wielding a +0,+1 orcish mace
              (9 damage)
             ... on Level 3 of the Dungeon.
             The game lasted 00:12:30 (2726 turns).

rossy the Charm-Maker (Spriggan Enchanter)          Turns: 2726, Time: 00:12:30

HP  -5/19        AC  4     Str  5 Exp: 4/130 (0), need: 51
MP   0/12        EV 18     Int 16      God:
Gold 108         SH  0     Dex 16      Spells:  3 memorised,  2 levels left

Res.Fire  : . . .   See Invis. : +   a - +1 dagger
Res.Cold  : . . .   Warding    : .   b - +1 robe
Life Prot.: . . .   Conserve   : .   (shield restricted)
Res.Poison: .       Res.Corr.  : .   (helmet restricted)
Res.Elec. : .       Clarity    : .   (no cloak) Spirit.Shd: . Stasis : .
                                     (gloves unavailable)
Sust.Abil.: . .     Rnd.Telep. : .   (boots unavailable)
Res.Mut.  : +       Ctrl.Telep.: .   m - amulet of resist mutation
Res.Rott. : .       Levitation : .   (no ring)
Saprovore : . . .   Ctrl.Flight: .   h - +1 ring of protection

@: very quick, slightly resistant to hostile enchantments, stealthy
A: unfitting armour, see invisible, herbivore 3, speed 3, slow metabolism 3
a: no special abilities


You were on level 3 of the Dungeon.
You were hungry.

You visited 1 branch of the dungeon, and saw 3 of its levels.

You collected 88 gold pieces.

Inventory:

Hand weapons
 a - a +1,+1 dagger (weapon)
Missiles
 d - 16 +1 darts (quivered)
Armour
 b - a +1 robe (worn)
Comestibles
 g - an apple
 l - a bread ration
Scrolls
 i - 2 scrolls of detect curse {unknown}
 j - 2 scrolls of remove curse {unknown}
 o - 2 scrolls of identify
 r - 2 scrolls of teleportation {unknown}
 t - a scroll of enchant armour {unknown}
Jewellery
 h - a +1 ring of protection (left hand)
 m - an amulet of resist mutation (around neck)
Potions
 e - a potion of porridge
 f - a potion of brilliance {unknown}
 k - a potion of slowing {unknown}
 n - a potion of healing
 p - a potion of resistance {unknown}
 q - 2 potions of heal wounds {unknown}
 s - a potion of restore abilities {unknown}
Books
 c - a book of Charms

   Spells                             Type                      Level
   *Corona                            Enchantment                  1
   *Repel Missiles                    Enchantment/Air              2
   *Ensorcelled Hibernation           Enchantment/Ice              2
   Confuse                            Enchantment                  3
   Enslavement                        Enchantment                  4
   Silence                            Enchantment/Air              5
   Invisibility                       Enchantment                  6
   You had 0 experience left.


   Skills:
 - Level 2 Short Blades
 - Level 2 Throwing
 - Level 3 Dodging
 - Level 3 Stealth
 + Level 3 Stabbing
 - Level 2 Spellcasting
 - Level 6 Enchantments
 - Level 1 Ice Magic


You had 2 spell levels left.
You knew the following spells:

 Your Spells              Type           Power        Success   Level
a - Corona                Ench           ####....     Excellent   1
b - Ensorcelled Hibernat  Ice/Ench       ###....      Great       2
c - Repel Missiles        Air/Ench       ###.......   Great       2

Dungeon Overview and Level Annotations

Branches:
Dungeon (3/27)

Altars:
The Shining One


Innate Abilities, Weirdness & Mutations

You are tiny and cannot use many weapons and most armour.
You have supernaturally acute eyesight.
You are a herbivore.
You cover ground extremely quickly.
You need consume almost no food.


Message History

You miss the orc priest.
The orc priest hits you with an orcish mace.
* * * LOW HITPOINT WARNING * * *
You hit the orc priest.
The orc priest is severely wounded.
The orc priest hits you with an orcish mace!
You die...

..##.#
#..#...#####.##.....
.....# #....#.#
#.##...#.# #.##.# #.##
#.# #.##...#. .... .##
#.#####.##...#.# #.###
#..............# .#
#######.###.#..#
#^##......#
#.##.#.#######.#
#@##.#.........#
.#########o##.###########
#....o....(o##.##
o.oo...o........#
#o#########.##.## ######


You could see an orc priest and an orc.

Vanquished Creatures
  Ijyb (D:3)
  A snake (D:3)
  8 hobgoblins
  2 jackals (D:3)
  4 kobolds
  3 orcs (D:3)
  A quokka (D:3)
  2 small snakes (D:2)
  15 giant bats
  3 giant geckos
  5 giant newts
  7 goblins
  6 rats
58 creatures vanquished.

Notes
Turn   | Place    | Note
--------------------------------------------------------------
     0 | D:1      | rossy, the Spriggan Enchanter, began the quest for the Orb.
     0 | D:1      | Reached XP level 1. HP: 8/8 MP: 4/4
   361 | D:1      | Reached XP level 2. HP: 5/11 MP: 5/7
   365 | D:1      | Learned a level 2 spell: Ensorcelled Hibernation
   368 | D:1      | Learned a level 2 spell: Repel Missiles
   552 | D:1      | Reached skill 1 in Stabbing
  1573 | D:2      | Reached XP level 3. HP: 16/16 MP: 7/9
  1948 | D:3      | Found a glowing golden altar of the Shining One.
  1991 | D:3      | Noticed Ijyb
  2012 | D:3      | Reached skill 1 in Ice Magic
  2216 | D:3      | Defeated Ijyb
  2216 | D:3      | Reached XP level 4. HP: 14/19 MP: 1/12
  2545 | D:3      | Noticed Jessica
  2726 | D:3      | Slain by an orc priest
